 Dungeon Crawl Stone Soup version 0.27-a0-1200-g94dc6ad4cf (webtiles) character file.

Game seed: 9268814276637542671

9027 Gargoyl the Fighter (level 11, 0/89 HPs)
             Began as a Gnoll Abyssal Knight on May 30, 2021.
             Was a Priest of Lugonu.
             Slain by an ancient zyme (10 damage)
             ... on level 1 of the Abyss.
             The game lasted 00:15:41 (12725 turns).

Gargoyl the Fighter (Gnoll Abyssal Knight)         Turns: 12725, Time: 00:15:42

Health: 0/89       AC: 12    Str: 21    XL:     11   Next: 40%
Magic:  32/32      EV: 12    Int: 11    God:    Lugonu [***...]
Gold:   279        SH:  0    Dex: 19    Spells: 27/27 levels left

rFire    + . .     SeeInvis .   x - +2 battleaxe (vamp)
rCold    + . .     Faith    .   (shield currently unavailable)
rNeg     + + .     Spirit   .   d - +0 chain mail {rN+}
rPois    .         Reflect  .   y - +0 helmet
rElec    +         Harm     .   s - scarf {rC+ rF+}
rCorr    +         Rampage  .   (no gloves)
Will     .....                  (no boots)
Stlth    +.........             (no amulet)
HPRegen  0.00/turn              v - ring "Acezixig" {MP+9 Dex+7}
MPRegen  0.23/turn              n - ring of Sin {rElec rN+ rCorr Str+6}

@: diseased, studying Spellcasting
A: fangs 1, strong nose, distributed training
a: Renounce Religion, Depart the Abyss, Bend Space, Banish


You were on level 1 of the Abyss.
You worshipped Lugonu.
Lugonu was most pleased with you.
You visited 2 branches of the dungeon, and saw 11 of its levels.
You visited the Abyss 2 times.

You collected 1369 gold pieces.
You spent 1090 gold pieces at shops.

Inventory:

Hand Weapons
 a - a +1 hand axe
 f - a +0 war axe
 k - a +4 morningstar
 x - a +2 vampiric battleaxe (weapon)
Missiles
 p - 39 poisoned darts (quivered)
 r - 5 atropa-tipped darts
Armour
 d - a +0 chain mail of positive energy (worn)
 s - a scarf of resistance (worn)
 y - a +0 helmet (worn)
Jewellery
 n - the ring of Sin (right hand) {rElec rN+ rCorr Str+6}
   (You acquired it on level 6 of the Dungeon)

   [ring of strength]

   It affects your strength (+6).
   It insulates you from electricity.
   It protects you from negative energy.
   It protects you from acid and corrosion.
 v - the ring "Acezixig" (left hand) {MP+9 Dex+7}
   (You bought it in a shop on level 8 of the Dungeon)

   [ring of magical power]

   It affects your dexterity (+7).
   It affects your magic capacity (+9).
Wands
 h - a wand of charming (4)
 i - a wand of paralysis (16)
 q - a wand of mindburst (9)
 w - a wand of flame (44)
Scrolls
 j - 4 scrolls of teleportation
 t - a scroll of summoning {unknown}
 u - 2 scrolls of identify
Potions
 b - 4 potions of flight
 e - 2 potions of curing
 g - a potion of cancellation
 l - a potion of magic
 m - a potion of brilliance
 o - a potion of berserk rage {unknown}


   Skills:
 + Level 9.4 Fighting
 + Level 6.6 Short Blades
 + Level 6.6 Long Blades
 + Level 8.1 Axes
 + Level 6.6 Maces & Flails
 + Level 6.6 Polearms
 + Level 6.6 Staves
 + Level 6.6 Slings
 + Level 6.6 Bows
 + Level 6.6 Crossbows
 + Level 6.6 Throwing
 + Level 8.1 Armour
 + Level 7.2 Dodging
 + Level 6.6 Stealth
 + Level 6.6 Shields
 + Level 6.6 Unarmed Combat
 + Level 8.5 Spellcasting
 + Level 5.5 Conjurations
 + Level 5.5 Hexes
 + Level 5.5 Summonings
 + Level 5.5 Necromancy
 + Level 5.5 Translocations
 + Level 5.5 Transmutations
 + Level 5.5 Fire Magic
 + Level 5.5 Ice Magic
 + Level 5.5 Air Magic
 + Level 5.5 Earth Magic
 + Level 5.5 Poison Magic
 + Level 8.7 Invocations
 + Level 6.6 Evocations


You had 27 spell levels left.
You didn't know any spells.
Your spell library contained the following spells:

 Spells                   Type           Power      Damage    Failure   Level
 Animate Skeleton         Necr           32%        N/A       12%         1
 Apportation              Tloc           32%        N/A       12%         1
 Corona                   Hex            17%        N/A       12%         1
 Freeze                   Ice            64%        1d8       12%         1
 Summon Small Mammal      Summ           64%        N/A       12%         1
 Confusing Touch          Hex            16%        N/A       34%         3
 Frozen Ramparts          Ice            32%        1d5       34%         3
 Gell's Gravitas          Tloc           8%         N/A       34%         3
 Ozocubu's Armour         Ice            16%        N/A       34%         3
 Hailstorm                Conj/Ice       16%        3d6       75%         4
 Petrify                  Tmut/Erth      16%        N/A       75%         4
 Irradiate                Conj/Tmut      8%         3d16      97%         5
 Metabolic Englaciation   Hex/Ice        8%         N/A       97%         5
 Yara's Violent Unravell  Hex/Tmut       8%         3d5       97%         5
 Blade Hands              Tmut           8%         N/A       100%        6
 Statue Form              Tmut/Erth      10%        N/A       100%        6
 Dragon Form              Tmut           8%         N/A       100%        7


Dungeon Overview and Level Annotations

Branches:
Dungeon (10/15)            Temple (0/1) D:6            Lair (1/6) D:8
    Orc: D:9-12

Altars:
Ashenzari
Cheibriados
Dithmenos
Gozag
Hepliaklqana
Kikubaaqudgha
Makhleb
Qazlal
Ru
Trog
Xom
Yredelemnul
Zin

Shops:
D:3 :   D:5 [   D:6 *   D:8 (*=*(


Innate Abilities, Weirdness & Mutations

You have very sharp teeth.
Your uncanny sense of smell can sniff out nearby items.
Your experience applies equally to all skills.


Message History

You can no longer gate yourself to the Abyss.
You start resting.
A thrashing horror comes into view.
You start resting.
Magic restored.
You start resting.
A thrashing horror is nearby!
Press: ? - help, Shift-Dir - straight line, f - thrashing horror
Aim: a thrashing horror (chance to affect: 56%)
The thrashing horror roars!
The thrashing horror resists with significant effort.
Press: ? - help, Shift-Dir - straight line, f/p - thrashing horror
Aim: a thrashing horror (chance to affect: 56%)
The thrashing horror is devoured by a tear in reality.
You start resting.
You start resting.
Magic restored.
You start resting.
An ancient zyme comes into view.
You feel yourself growing ill in the presence of the ancient zyme.
You feel ill.
You hit the ancient zyme.
The ancient zyme is lightly damaged.
The ancient zyme misses you. The ancient zyme hits you.
You closely miss the ancient zyme.
The ancient zyme is lightly damaged.
The ancient zyme hits you.
* * * LOW HITPOINT WARNING * * *
The ancient zyme hits you.
* * * LOW HITPOINT WARNING * * *
The ancient zyme barely misses you. The ancient zyme hits you!
* * * LOW HITPOINT WARNING * * *
You slash the ancient zyme!
The ancient zyme is heavily damaged.
The ancient zyme hits you.
* * * LOW HITPOINT WARNING * * *
The ancient zyme hits you but does no damage.
You slash the ancient zyme!
The ancient zyme is severely damaged.
The ancient zyme closely misses you. The ancient zyme hits you!
You die...

. .X . . .. .
####
.#...##.####..#
........@....#
#.......x..#....
..#..........# #
.
..........#....
..#......... .#.
##............#
.......#.#....
#.#.###.#...#. #
. . .


You could see an ancient zyme.

Vanquished Creatures
  A two-headed ogre (D:9)
  Pikel (D:4)
  A cane toad (Lair:1)
  A hornet (D:7)
  4 yaks (D:9)
  A wyvern (D:9)
  A basilisk (Lair:1)
  A steam dragon (D:8)
  An acid dragon (D:7)
  6 water moccasins
  2 sky beasts (D:7)
  An ogre (D:7)
  A black bear (D:7)
  2 wolves (Lair:1)
  A necrophage (D:4)
  A phantom (D:6)
  6 centaurs
  A gnoll sergeant (D:7)
  2 kobold brigands (D:9)
  A scorpion (D:6)
  2 bullfrogs
  A wyvern skeleton (D:7)
  A water moccasin skeleton (D:5)
  2 howler monkeys
  4 wights
  2 jellies
  2 bullfrog zombies
  2 centaur zombies
  3 hounds
  3 orc priests
  A bullfrog skeleton (D:6)
  4 centaur skeletons
  A gnoll shaman (D:9)
  3 iguanas
  5 orc wizards
  A hound zombie (D:5)
  A howler monkey zombie (D:8)
  14 gnolls
  5 adders
  2 shadow imps
  2 white imps
  2 ufetubi
  An adder skeleton (D:5)
  3 dart slugs
  16 orcs
  3 ball pythons
  6 bats
  2 endoplasms
  5 giant cockroaches
  7 goblins
  9 hobgoblins
  9 jackals
  26 kobolds
  7 quokkas
  2 frilled lizards (D:2)
  10 rats
205 creatures vanquished.

Vanquished Creatures (others)
  27 plants
27 creatures vanquished.

Grand Total: 232 creatures vanquished

Notes
Turn   | Place    | Note
-------+----------+-------------------------------------------
     0 | Abyss:1  | Gargoyl the Gnoll Abyssal Knight began the quest for the
                  | Orb.
     0 | Abyss:1  | Reached XP level 1. HP: 23/23 MP: 3/3
     0 | Abyss:1  | Found a corrupted altar of Lugonu.
    77 | Abyss:1  | Noticed a large abomination
   130 | D:1      | Escaped the Abyss
   219 | D:1      | Reached * piety under Lugonu
   223 | D:1      | Reached XP level 2. HP: 29/29 MP: 5/5
   398 | D:1      | Found a faded altar of an unknown god.
   521 | D:1      | Reached XP level 3. HP: 35/35 MP: 6/6
  1411 | D:2      | Reached skill level 1 in Short Blades
  1411 | D:2      | Reached skill level 1 in Long Blades
  1411 | D:2      | Reached skill level 1 in Maces & Flails
  1411 | D:2      | Reached skill level 1 in Polearms
  1411 | D:2      | Reached skill level 1 in Staves
  1411 | D:2      | Reached skill level 1 in Slings
  1411 | D:2      | Reached skill level 1 in Bows
  1411 | D:2      | Reached skill level 1 in Crossbows
  1411 | D:2      | Reached skill level 1 in Throwing
  1411 | D:2      | Reached skill level 1 in Stealth
  1411 | D:2      | Reached skill level 1 in Shields
  1411 | D:2      | Reached skill level 1 in Unarmed Combat
  1411 | D:2      | Reached skill level 1 in Spellcasting
  1411 | D:2      | Reached skill level 1 in Evocations
  1411 | D:2      | Reached XP level 4. HP: 36/41 MP: 7/7
  1901 | D:2      | Reached ** piety under Lugonu
  1959 | D:2      | Reached skill level 1 in Conjurations
  1959 | D:2      | Reached skill level 1 in Hexes
  1959 | D:2      | Reached skill level 1 in Summonings
  1959 | D:2      | Reached skill level 1 in Necromancy
  1959 | D:2      | Reached skill level 1 in Translocations
  1959 | D:2      | Reached skill level 1 in Transmutations
  1959 | D:2      | Reached skill level 1 in Fire Magic
  1959 | D:2      | Reached skill level 1 in Ice Magic
  1959 | D:2      | Reached skill level 1 in Air Magic
  1959 | D:2      | Reached skill level 1 in Earth Magic
  1959 | D:2      | Reached skill level 1 in Poison Magic
  1959 | D:2      | Reached XP level 5. HP: 29/47 MP: 8/8
  2395 | D:3      | Found a hazy altar of Hepliaklqana.
  2854 | D:3      | Found Luuhiacs's Book Emporium.
  2991 | D:3      | Reached skill level 5 in Invocations
  3136 | D:3      | Found an opulent altar of Gozag.
  3208 | D:3      | Found a bloodstained altar of Trog.
  3480 | D:4      | Noticed a necrophage
  3506 | D:4      | Killed a necrophage
  3507 | D:4      | Reached skill level 5 in Axes
  3507 | D:4      | Reached skill level 5 in Armour
  3507 | D:4      | Reached XP level 6. HP: 29/53 MP: 9/9
  3787 | D:4      | Found a stormy altar of Qazlal.
  3832 | D:4      | Found a broken altar of Ashenzari.
  4740 | D:5      | Entered Level 5 of the Dungeon
  4746 | D:5      | Noticed Pikel
  5008 | D:4      | Killed Pikel
  5009 | D:4      | Reached skill level 7 in Fighting
  5009 | D:4      | Reached XP level 7. HP: 35/60 MP: 9/11
  5009 | D:4      | Reached XP level 8. HP: 39/67 MP: 9/12
  5424 | D:4      | Reached *** piety under Lugonu
  5734 | D:5      | Found Peeredoi's Antique Armour Shoppe.
  6221 | D:5      | Found an ancient bone altar of Kikubaaqudgha.
  6343 | D:5      | Identified the +1 dagger of the Lair of Beasts {venom,
                  | *Slow Str+3 Int+3}
  6521 | D:6      | Found Ujechupp's Assorted Antiques.
  6577 | D:6      | Identified a scroll of acquirement
  6577 | D:6      | Acquired the ring of Sin {rElec rN+ rCorr Str+6}
  6656 | D:6      | Acquired 823 gold pieces
  6701 | D:6      | Found a staircase to the Ecumenical Temple.
  7007 | D:6      | Found a snail-covered altar of Cheibriados.
  7523 | D:6      | Reached XP level 9. HP: 28/73 MP: 14/14
  8303 | D:7      | Reached skill level 8 in Fighting
  8303 | D:7      | Reached skill level 5 in Short Blades
  8303 | D:7      | Reached skill level 5 in Long Blades
  8303 | D:7      | Reached skill level 5 in Maces & Flails
  8303 | D:7      | Reached skill level 5 in Polearms
  8303 | D:7      | Reached skill level 5 in Staves
  8303 | D:7      | Reached skill level 5 in Slings
  8303 | D:7      | Reached skill level 5 in Bows
  8303 | D:7      | Reached skill level 5 in Crossbows
  8303 | D:7      | Reached skill level 5 in Throwing
  8303 | D:7      | Reached skill level 5 in Stealth
  8303 | D:7      | Reached skill level 5 in Shields
  8303 | D:7      | Reached skill level 5 in Unarmed Combat
  8303 | D:7      | Reached skill level 5 in Evocations
  8303 | D:7      | Reached XP level 10. HP: 82/82 MP: 15/21
  8546 | D:7      | Reached skill level 9 in Fighting
  8901 | D:7      | Reached skill level 5 in Conjurations
  8901 | D:7      | Reached skill level 5 in Hexes
  8901 | D:7      | Reached skill level 5 in Summonings
  8901 | D:7      | Reached skill level 5 in Necromancy
  8901 | D:7      | Reached skill level 5 in Translocations
  8901 | D:7      | Reached skill level 5 in Transmutations
  8901 | D:7      | Reached skill level 5 in Fire Magic
  8901 | D:7      | Reached skill level 5 in Ice Magic
  8901 | D:7      | Reached skill level 5 in Air Magic
  8901 | D:7      | Reached skill level 5 in Earth Magic
  8901 | D:7      | Reached skill level 5 in Poison Magic
  9149 | D:7      | HP: 4/83 [gnoll/+0 flail (1)]
  9518 | D:7      | Reached **** piety under Lugonu
 10025 | D:8      | Found Pamoseo's Antique Weapon Shop.
 10155 | D:8      | Bought a glowing great sword for 218 gold pieces
 10197 | D:8      | Found a staircase to the Lair.
 10258 | D:8      | Found Huophem's Jewellery Shoppe.
 10394 | D:8      | Bought the ring "Acezixig" {MP+9 Dex+7} for 625 gold pieces
 10658 | D:8      | Found Xiuhupn Iddu's General Store.
 10778 | D:8      | Found Bemoo's Antique Weapon Shoppe.
 10788 | D:8      | Bought a runed battleaxe for 247 gold pieces
 10820 | D:8      | Found a sacrificial altar of Ru.
 10821 | D:8      | Found Wosim's Assorted Antiques.
 10863 | D:8      | Found a shimmering altar of Xom.
 11162 | D:9      | Noticed a two-headed ogre
 11168 | D:9      | Killed a two-headed ogre
 11169 | D:9      | Reached XP level 11. HP: 89/89 MP: 23/23
 11184 | D:9      | Found a burning altar of Makhleb.
 11184 | D:9      | Found a glowing silver altar of Zin.
 11185 | D:9      | Noticed an angel
 11185 | D:9      | Noticed a balrug
 11195 | D:9      | Found a basalt altar of Yredelemnul.
 11515 | D:9      | Found a shadowy altar of Dithmenos.
 12304 | D:10     | Entered Level 10 of the Dungeon
 12364 | Lair:1   | Entered Level 1 of the Lair of Beasts
 12609 | Lair:1   | Reached ***** piety under Lugonu
 12626 | Abyss:1  | Noticed a thrashing horror
 12660 | Abyss:1  | Banished a thrashing horror
 12725 | Abyss:1  | Slain by an ancient zyme

Illustrated notes

Levels and vault maps discovered:
D:1:      evilmike_arrival_rings, layout_rooms, shapermc_ecumenical_altar_venn,
          st_stairs_8, grunt_decor_resistance
D:2:      layout_basic
D:3:      layout_loops_ring, old_standard_altar, overflow_temple_1_default,
          marbit_many_paths, serial_shops, shop, minmay_door_square,
          supply_closet_lemuel
D:4:      layout_loops_ring, lemuel_crystal_altar, general_overflow_altar,
          serial_forest, infiniplex_forest_clump_tiny,
          infiniplex_forest_lined_room_2, infiniplex_forest_lined_2,
          infiniplex_forest_clump_tiny, infiniplex_forest_lined_1,
          hangedman_abyss_or_decor_stagger, hangedman_abyss_or_decor_passed,
          serial_bayou_ford_a
D:5:      layout_gridville, overflow_temple_1_default, enter_ossuary_3,
          serial_shops, nicolae_shop_overgrown_old_shop, uniq_pikel
D:6:      layout_layer_cave, kennysheep_mini_moat, minmay_temple_entry_slanted,
          serial_shops, shop, serial_bayou_pond_d, minmay_manual_mares
D:7:      layout_rooms, serial_corexii_hall, corexii_hall_statues_t,
          chequers_hall_statues_y, corexii_hall_statues_s,
          chequers_hall_statues_y
D:8:      layout_rooms, lemuel_doored_altar, lemuel_round_altar,
          lair_entry_dummy, serial_shops, shop_statue, nicolae_shop_trees, shop,
          shop_fountains, shop
D:9:      kennysheep_kobold_camp, layout_basic,
          grunt_temple_overflow_order_and_chaos_2,
          nicolae_overflow_crystal_walls, grunt_dithmenos_shadows
D:10:     layout_loops_ring, amcnicky_mini_corridor_feature
Lair:1:   layout_big_grid, grunt_megastairs_2, uniq_gastronok
Abyss:1:  base: Temple, base: Temple, base:
D:7

Skill      XL: |  1  2  3  4  5  6  7  8  9 10 11 |
---------------+----------------------------------+-----
Short Blades   | 1 2 3 5 6 |  6.6
Long Blades    | 1 2 3 5 6 |  6.6
Maces & Flails | 1 2 3 5 6 |  6.6
Polearms       | 1 2 3 5 6 |  6.6
Staves         | 1 2 3 5 6 |  6.6
Slings         | 1 2 3 5 6 |  6.6
Bows           | 1 2 3 5 6 |  6.6
Crossbows      | 1 2 3 5 6 |  6.6
Throwing       | 1 2 3 5 6 |  6.6
Stealth        | 1 2 3 5 6 |  6.6
Shields        | 1 2 3 5 6 |  6.6
Unarmed Combat | 1 2 3 5 6 |  6.6
Spellcasting   | 1 2 3 7 8 |  8.5
Evocations     | 1 2 3 5 6 |  6.6
Conjurations   | 1 2 3 4 5 |  5.5
Hexes          | 1 2 3 4 5 |  5.5
Summonings     | 1 2 3 4 5 |  5.5
Necromancy     | 1 2 3 4 5 |  5.5
Translocations | 1 2 3 4 5 |  5.5
Transmutations | 1 2 3 4 5 |  5.5
Fire Magic     | 1 2 3 4 5 |  5.5
Ice Magic      | 1 2 3 4 5 |  5.5
Air Magic      | 1 2 3 4 5 |  5.5
Earth Magic    | 1 2 3 4 5 |  5.5
Poison Magic   | 1 2 3 4 5 |  5.5
Dodging        | 3 4 6 7 |  7.2
Invocations    | 5 6 8 |  8.7
Axes           | 5 6 7 8 |  8.1
Armour         | 5 6 7 8 |  8.1
Fighting       | 7 8 9 |  9.4

Action                   |  1- 3 |  4- 6 |  7- 9 | 10-12 || total
-------------------------+-------+-------+-------+-------++-------
Melee: Hand axe          |    95 |   222 |   251 |   121 ||   689
       Bite              |     7 |    16 |    46 |    44 ||   113
       Punch             |       |       |     2 |     2 ||     4
       Battleaxe         |       |       |       |   109 ||   109
       Great sword       |       |       |       |    25 ||    25
       Morningstar       |       |       |       |    18 ||    18
Throw: Dart              |       |       |     7 |     3 ||    10
Invok: Depart the Abyss  |     1 |       |       |       ||     1
       Banish            |       |       |       |     3 ||     3
       Enter the Abyss   |       |       |       |     1 ||     1
Evoke: Wand              |       |     6 |     2 |     6 ||    14
  Use: Scroll            |     2 |     7 |     8 |       ||    17
       Potion            |       |       |     1 |     8 ||     9
 Stab: Paralysed         |       |     8 |    14 |     3 ||    25
Armor: Chain mail        |    70 |   123 |   228 |   171 ||   592
Dodge: Dodged            |    52 |   154 |   219 |   268 ||   693
       Rpst.: Great sword |       |       |       |     8 ||     8

Table legend: (Time is in decaauts)
 A = Elapsed time spent in this place.
 B = Non-inter-level travel time spent in this place.
 C = Inter-level travel time spent in this place.
 D = Time resting spent in this place.
 E = Time spent auto-exploring this place.
 F = Levels seen in this place.
 G = Mean time per level.
                   A        B        C        D        E       F      G
               +--------+--------+--------+--------+--------+-----+--------+
         Total |  12794 |  12525 |    269 |   1881 |   8562 |  13 |  984.2 |
       Dungeon |  12295 |  12027 |    268 |   1576 |   8476 |  10 | 1229.5 |
          Lair |    253 |    253 |      0 |    205 |     11 |   1 |  253.0 |
         Abyss |    245 |    245 |      0 |    100 |     75 |   2 |  122.5 |
               +--------+--------+--------+--------+--------+-----+--------+

Top non-repeatable levels by time:
     D:4: 2122 daAuts
     D:7: 1849 daAuts
     D:6: 1715 daAuts
     D:9: 1361 daAuts
     D:3: 1230 daAuts
     D:1: 1117 daAuts
     D:8: 1102 daAuts
     D:2: 1012 daAuts
     D:5: 769 daAuts
  Lair:1: 253 daAuts
 Abyss:1: 245 daAuts
    D:10: 13 daAuts
